 Dungeon Crawl Stone Soup version 0.29-a0-356-g7bc237e783 (webtiles) character file.

Game seed: 2016049412882047486

203 NinjaNoafa the Shield-Bearer (level 5, 0/33 (41) HPs)
             Began as a Gnoll Wanderer on Apr 25, 2022.
             Slain by Eustachio
             ... wielding a +3 rapier of draining
              (2 damage)
             ... on level 4 of the Dungeon.
             The game lasted 00:03:35 (2491 turns).

NinjaNoafa the Shield-Bearer (Gnoll Wanderer)       Turns: 2491, Time: 00:03:36

HP:   0/33 (41)     AC:  9    Str: 12    XL:     5   Next: 81%
MP:   9/9           EV:  8    Int:  9    God:
Gold: 224           SH:  7    Dex: 15    Spells: 9/10 levels left

rFire   + + .      SeeInvis .   a - +2 spear
rCold   x . .      Faith    .   b - +2 buckler
rNeg    . . .      Spirit   .   o - +0 fire dragon scales
rPois   .          Reflect  .   (no helmet)
rElec   .          Harm     .   (no cloak)
rCorr   .          Rampage  .   (no gloves)
Will    .....      Rnd*Tele +   (no boots)
Stlth   ..........              (no amulet)
HPRegen 0.11/turn               (no ring)
MPRegen 0.11/turn               (no ring)

@: attractive, heavily drained
A: fangs 1, strong nose, distributed training, teleportitis 1
a: no special abilities


You were on level 4 of the Dungeon.
You visited 1 branch of the dungeon, and saw 4 of its levels.

You collected 224 gold pieces.

Inventory:

Hand Weapons
 a - a +2 spear (weapon)
 g - a +0 short sword
 i - a +0 glaive
Missiles
 k - 6 javelins (quivered)
 q - 3 atropa-tipped darts
Armour
 b - a +2 buckler (worn)
 d - a +0 robe
 o - +0 fire dragon scales (worn)
Scrolls
 c - a scroll of teleportation
 e - a scroll of magic mapping {unknown}
 f - a scroll of brand weapon {unknown}
 h - 2 scrolls of enchant armour
 j - a scroll of holy word
 l - a scroll of vulnerability {unknown}
 n - 3 scrolls of identify


   Skills:
 + Level 3.0 Fighting
 + Level 1.6 Short Blades
 + Level 1.6 Long Blades
 + Level 1.6 Axes
 + Level 1.6 Maces & Flails
 + Level 4.8 Polearms
 + Level 1.6 Staves
 + Level 1.6 Slings
 + Level 1.6 Bows
 + Level 1.6 Crossbows
 + Level 1.6 Throwing
 + Level 3.0 Armour
 + Level 1.6 Dodging
 + Level 1.6 Stealth
 + Level 4.8 Shields
 + Level 1.6 Unarmed Combat
 + Level 3.2 Spellcasting
 + Level 4.0 Conjurations
 + Level 1.3 Hexes
 + Level 1.3 Summonings
 + Level 1.3 Necromancy
 + Level 1.3 Translocations
 + Level 1.3 Transmutations
 + Level 1.3 Fire Magic
 + Level 1.3 Ice Magic
 + Level 1.3 Air Magic
 + Level 1.3 Earth Magic
 + Level 1.3 Poison Magic
 + Level 3.1 Invocations
 + Level 1.6 Evocations


You had 9 spell levels left.
You knew the following spells:

 Your Spells              Type           Power      Damage    Failure   Level
a - Shock                 Conj/Air       24%        1d4       65%         1

Your spell library contained the following spells:

 Spells                   Type           Power      Damage    Failure   Level
 Conjure Flame            Conj/Fire      6%         6-21      95%         3


Dungeon Overview and Level Annotations

Branches:
Dungeon (4/15)
 Temple: D:4-7

Altars:

Annotations:
D:4 Eustachio


Innate Abilities, Weirdness & Mutations

You have very sharp teeth.
Your uncanny sense of smell can sniff out nearby items.
Your experience applies equally to all skills.
You are occasionally teleported next to monsters.


Message History

Eustachio shouts!
Found a puce potion.
Eustachio casts a spell.
Eustachio blinks!
A dart slug comes into view.
There is an open door here.
You reach to attack!
You hit Eustachio.
Eustachio is lightly wounded.
You miss Eustachio. Eustachio hits you but does no damage.
You feel drained.
You hit Eustachio. Your bite misses Eustachio.
Eustachio is lightly wounded.
Eustachio hits you with a +3 rapier of draining.
You feel drained.
You miss Eustachio.
Eustachio is lightly wounded.
It was a potion of mutation.
You feel extremely strange.
You feel weirdly uncertain.
Eustachio hits you with a +3 rapier of draining.
You feel drained.
It was a potion of attraction.
You feel attractive to monsters.
Eustachio hits you with a +3 rapier of draining.
You feel drained. The dart slug is attracted toward you.
You closely miss Eustachio.
Eustachio is lightly wounded.
Eustachio hits you with a +3 rapier of draining!
You feel drained.
* * * LOW HITPOINT WARNING * * *
The dart slug closely misses you.
As you read the scroll of enchant armour, it crumbles to dust.
Your +1 buckler glows green for a moment.
Eustachio casts a spell.
Eustachio blinks!
The dart slug barely misses you. Eustachio is attracted toward you.
Eustachio attacks as you move away! You block Eustachio's attack.
Eustachio attacks as you move away!
Eustachio hits you with a +3 rapier of draining!
* * * LOW HITPOINT WARNING * * *
You feel drained.
You die...

...#≈≈≈# .......
+...≈≈≈#.. .......
....≈≈≈≈... !......
...≈≈≈≈.... .......
..≈.≈≈≈.... .......
..P≈≈≈≈≈... ######.......
...≈≈≈≈.... #....#§......
..≈≈≈≈≈.....#....@w......
...≈≈≈≈.....#...@#.......
..≈≈≈≈≈.....#....########
...≈≈≈≈.....#.....#
...P≈≈≈.....#.....#
..≈≈≈≈≈.....#.....#
....≈≈......#.....#
...≈≈≈≈.....#.....#
######
..≈≈≈≈P.....#.....#
#....#
.≈≈≈≈≈≈.....#.....#
#....#


You could see Eustachio and a dart slug.

Vanquished Creatures
  A black bear (D:4)
  An orc wizard (D:2)
  4 adders
  2 worms
  5 orcs
  4 endoplasms
  4 goblins
  3 hobgoblins
  2 jackals (D:1)
  2 kobolds (D:1)
  2 quokkas
  3 ball pythons
  5 bats
  3 frilled lizards
  4 rats (D:1)
45 creatures vanquished.

Notes
Turn   | Place    | Note
-------+----------+-------------------------------------------
     0 | D:1      | NinjaNoafa the Gnoll Wanderer began the quest for the Orb.
     0 | D:1      | NinjaNoafa set off with the following items: a +2 spear, a
                  | +0 buckler, a scroll of teleportation, a +0 robe; and the
                  | following spell memorised: Shock; and the following spells
                  | available to memorise: Conjure Flame
     0 | D:1      | Reached XP level 1. HP: 17/17 MP: 4/4
   210 | D:1      | Reached XP level 2. HP: 19/23 MP: 5/5
   834 | D:2      | Reached XP level 3. HP: 14/28 MP: 7/7
  1201 | D:2      | Reached skill level 1 in Short Blades
  1201 | D:2      | Reached skill level 1 in Long Blades
  1201 | D:2      | Reached skill level 1 in Axes
  1201 | D:2      | Reached skill level 1 in Maces & Flails
  1201 | D:2      | Reached skill level 1 in Staves
  1201 | D:2      | Reached skill level 1 in Slings
  1201 | D:2      | Reached skill level 1 in Bows
  1201 | D:2      | Reached skill level 1 in Crossbows
  1201 | D:2      | Reached skill level 1 in Throwing
  1201 | D:2      | Reached skill level 1 in Dodging
  1201 | D:2      | Reached skill level 1 in Stealth
  1201 | D:2      | Reached skill level 1 in Unarmed Combat
  1201 | D:2      | Reached skill level 1 in Evocations
  1201 | D:2      | Reached XP level 4. HP: 8/34 MP: 8/8
  1732 | D:3      | Reached skill level 1 in Hexes
  1732 | D:3      | Reached skill level 1 in Summonings
  1732 | D:3      | Reached skill level 1 in Necromancy
  1732 | D:3      | Reached skill level 1 in Translocations
  1732 | D:3      | Reached skill level 1 in Transmutations
  1732 | D:3      | Reached skill level 1 in Fire Magic
  1732 | D:3      | Reached skill level 1 in Ice Magic
  1732 | D:3      | Reached skill level 1 in Air Magic
  1732 | D:3      | Reached skill level 1 in Earth Magic
  1732 | D:3      | Reached skill level 1 in Poison Magic
  2100 | D:3      | Found a faded altar of an unknown god.
  2278 | D:4      | Noticed a black bear
  2289 | D:4      | Killed a black bear
  2290 | D:4      | Reached XP level 5. HP: 38/41 MP: 9/9
  2480 | D:4      | Noticed Eustachio
  2486 | D:4      | Gained mutation: You are occasionally teleported next to
                  | monsters. [potion of mutation]
  2491 | D:4      | Slain by Eustachio

Illustrated notes

Levels and vault maps discovered:
D:1:      roderic_crossed_star, layout_loops_ring
D:2:      layout_basic
D:3:      layout_rooms, shapermc_ecumenical_altar_mp_vishouse
D:4:      layout_gridville, chequers_big_river, uniq_eustachio, uniq_edmund

Skill      XL: |  1  2  3  4 |
---------------+-------------+-----
Short Blades   | 1 |  1.6
Long Blades    | 1 |  1.6
Axes           | 1 |  1.6
Maces & Flails | 1 |  1.6
Staves         | 1 |  1.6
Slings         | 1 |  1.6
Bows           | 1 |  1.6
Crossbows      | 1 |  1.6
Throwing       | 1 |  1.6
Dodging        | 1 |  1.6
Stealth        | 1 |  1.6
Unarmed Combat | 1 |  1.6
Evocations     | 1 |  1.6
Spellcasting   | 3 |  3.2
Hexes          | 1 |  1.3
Summonings     | 1 |  1.3
Necromancy     | 1 |  1.3
Translocations | 1 |  1.3
Transmutations | 1 |  1.3
Fire Magic     | 1 |  1.3
Ice Magic      | 1 |  1.3
Air Magic      | 1 |  1.3
Earth Magic    | 1 |  1.3
Poison Magic   | 1 |  1.3
Invocations    | 3 |  3.1
Fighting       | 3 |  3.0
Armour         | 3 |  3.0
Conjurations   | 4 |  4.0
Polearms       | |  4.8
Shields        | |  4.8

Action                   |  1- 3 |  4- 6 || total
-------------------------+-------+-------++-------
Melee: Spear             |    85 |    64 ||   149
       Bite              |     5 |     7 ||    12
Throw: Javelin           |     9 |     3 ||    12
  Use: Scroll            |     3 |     1 ||     4
       Potion            |     2 |     2 ||     4
 Stab: Sleeping          |     2 |       ||     2
       Distracted        |     1 |       ||     1
Armor: Robe              |     8 |     5 ||    13
       Fire dragon scale |       |    13 ||    13
Dodge: Dodged            |    27 |    27 ||    54
Block: Buckler           |    14 |    11 ||    25

Table legend: (Time is in decaauts)
 A = Elapsed time spent in this place.
 B = Non-inter-level travel time spent in this place.
 C = Inter-level travel time spent in this place.
 D = Time resting spent in this place.
 E = Time spent auto-exploring this place.
 F = Levels seen in this place.
 G = Mean time per level.
                   A        B        C        D        E       F      G
               +--------+--------+--------+--------+--------+-----+--------+
         Total |   2484 |   2402 |     82 |      0 |   2035 |   4 |  621.0 |
       Dungeon |   2484 |   2402 |     82 |      0 |   2035 |   4 |  621.0 |
               +--------+--------+--------+--------+--------+-----+--------+

Top non-repeatable levels by time:
     D:2: 944 daAuts
     D:1: 768 daAuts
     D:3: 437 daAuts
     D:4: 333 daAuts
